 Dungeon Crawl Stone Soup version 0.26.1-10-gdfb7c7de75 (console) character file.

Game seed: 11497699844746866833

192 erker the Digger (level 5, -3/31 HPs)
             Began as an Octopode Earth Elementalist on Apr 9, 2021.
             Slain by an adder (4 damage)
             ... in a sewer.
             The game lasted 00:18:47 (3407 turns).

erker the Digger (Octopode Earth Elementalist)      Turns: 3407, Time: 00:18:47

Health: -3/31      AC:  1    Str:  8    XL:     5   Next: 71%
Magic:  7/8        EV: 13    Int: 18    God:
Gold:   96         SH:  5    Dex: 12    Spells: 5/8 levels left

rFire    . . .     SeeInvis .   a - +0 dagger
rCold    . . .     Faith    .   (no shield)
rNeg     . . .     Spirit   .   (helmet restricted)
rPois    .         Reflect  +   k - amulet of reflection
rElec    .         Harm     .   n - ring of stealth
rCorr    .         Rampage  .   e - ring of flight
Will     .....                  (no ring)
Stlth    ++++......             (no ring)
HPRegen  0.10/turn              (no ring)
MPRegen  0.11/turn              (no ring)
                                (no ring)
                                (no ring)

@: lethally poisoned (-3 -> -6)
A: almost no armour, stealthy swim, amphibious, 8 rings, constrict 8, camouflage
1, gelatinous body 1
a: Evoke Flight


You were in a sewer.
You visited 1 branch of the dungeon, and saw 3 of its levels.
You also visited: Sewer.

You collected 96 gold pieces.

Inventory:

Hand Weapons
 a - a +0 dagger (weapon)
Missiles
 b - 110 stones
 c - 18 arrows
 l - 11 poisoned darts (quivered)
 p - 29 sling bullets
Jewellery
 e - a ring of flight (right tentacle)
 k - an amulet of reflection (around mantle)
 n - a ring of stealth (left tentacle)
Scrolls
 d - 4 scrolls of remove curse {unknown}
 f - 2 scrolls of teleportation {unknown}
 h - 4 scrolls of identify {unknown}
 i - a scroll of enchant weapon {unknown}
 j - 3 scrolls of fog {unknown}
 m - 2 scrolls of amnesia {unknown}
Potions
 g - a potion of might {unknown}
 o - a potion of mutation {unknown}
 q - a potion of resistance {unknown}
 r - 2 potions of curing {unknown}


   Skills:
 - Level 1.7 Short Blades
 - Level 2.0 Dodging
 - Level 4.0 Stealth
 - Level 2.0 Spellcasting
 - Level 1.0 Transmutations
 + Level 5.4 Earth Magic


You had 5 spell levels left.
You knew the following spells:

 Your Spells              Type           Power        Failure   Level
a - Sandblast             Erth           42%          1%          1
w - Passwall              Tmut/Erth      10%          8%          2

Your spell library contained the following spells:

 Spells                   Type           Power        Failure   Level
 Stone Arrow              Conj/Erth      22%          19%         3
 Petrify                  Tmut/Erth      13%          43%         4
 Lee's Rapid Deconstruct  Erth           10%          47%         5


Dungeon Overview and Level Annotations

Branches:
Dungeon (3/15)              Sewer (1/1)

Altars:

Annotations:
D:2 Sigmund
D:3 1 exclusion


Innate Abilities, Weirdness & Mutations

You cannot wear most types of armour.
You are very stealthy in the water. (Stealth+)
You are amphibious.
You can wear up to eight rings at the same time.
You can use your tentacles to constrict eight enemies at once.
Your skin changes colour to match your surroundings (Stealth+).
Your rubbery body absorbs attacks. (AC +1, EV +1)


Message History

An adder comes into view.
The ball python bites you. You block the ball python's attack.
You feel sick. The ball python closely misses you. The ball python grabs you.
The ball python constricts you.
You escape the ball python's grasp.
You feel sick.
A bullfrog comes into view.
The ball python bites you. The ball python barely misses you.
A bullfrog comes into view.
You feel sick. The ball python bites you. The ball python misses you.
The ball python closely misses you. The ball python grabs you.
The ball python constricts you.
The adder hisses angrily.
You escape the ball python's grasp.
You feel sick. The adder misses you. The adder closely misses you.
The bullfrog hits you!
* * * LOW HITPOINT WARNING * * *
The ball python bites you.
* * * LOW HITPOINT WARNING * * *
The ball python completely misses you. The adder bites you.
You die...

##### ####...####
####.........####
##...............##
#.........#.......#
##..S@..##+##......##
#...SF.## ##......#
#.≈≈≈≈## ##≈≈≈≈##
#≈≈≈≈≈≈# #≈≈≈÷≈≈#
#≈≈≈≈≈≈# #≈≈≈÷≈≈#
#≈≈≈≈≈≈# #≈≈≈≈≈≈#
#≈≈≈≈≈≈# #≈≈≈≈≈≈#
#≈≈≈≈≈≈# #≈≈≈≈≈≈#
#≈#≈≈≈≈# ##≈≈..##


You could see a bullfrog, an adder and a ball python.

Vanquished Creatures
  6 adders
  4 river rats (Sewer)
  3 oozes
  4 worms
  A dart slug (D:2)
  4 orcs (D:3)
  4 giant cockroaches
  7 goblins
  5 hobgoblins
  2 jackals (D:2)
  6 ball pythons (Sewer)
  4 bats (D:1)
  5 frilled lizards
  3 kobolds
  31 rats
89 creatures vanquished.

Notes
Turn   | Place    | Note
-------+----------+-------------------------------------------
     0 | D:1      | erker the Octopode Earth Elementalist began the quest for
                  | the Orb.
     0 | D:1      | Reached XP level 1. HP: 11/11 MP: 3/3
   281 | D:1      | Reached XP level 2. HP: 8/17 MP: 3/5
   284 | D:1      | Learned a level 2 spell: Passwall
  1069 | D:1      | Reached XP level 3. HP: 21/21 MP: 6/6
  1172 | D:2      | Noticed Sigmund
  1622 | D:2      | Reached skill level 4 in Earth Magic
  1704 | D:2      | Reached skill level 1 in Short Blades
  2158 | D:2      | Reached XP level 4. HP: 27/27 MP: 7/7
  2591 | D:3      | Found a glowing drain.
  2666 | Sewer    | Entered a sewer
  2724 | Sewer    | Reached XP level 5. HP: 27/31 MP: 1/8
  3061 | Sewer    | Reached skill level 5 in Earth Magic
  3407 | Sewer    | HP: 1/31 [ball python (2)]
  3407 | Sewer    | Slain by an adder

Illustrated notes

Levels and vault maps discovered:
D:1:      lemuel_arrival_behind_the_door_small, layout_loops_cross,
          minmay_misc_feat_roman
D:2:      layout_loops_ring, uniq_sigmund
D:3:      layout_rooms, cheibrodos_sewer_entry_bend
Sewer:    sewer_minmay_w

Skill      XL: |  1  2  3  4  5 |
---------------+----------------+-----
Stealth        | 3 4 |  4.0
Earth Magic    | 4 5 |  5.4
Short Blades   | 1 |  1.7
Dodging        | |  2.0
Spellcasting   | |  2.0
Transmutations | |  1.0

Action                   |  1- 3 |  4- 6 || total
-------------------------+-------+-------++-------
Melee: Dagger            |    68 |    77 ||   145
       Unarmed           |     6 |       ||     6
       Constrict         |    15 |    23 ||    38
       Tentacles         |    13 |    16 ||    29
Throw: Dart              |       |    16 ||    16
 Cast: Sandblast         |     2 |    48 ||    50
       Passwall          |     2 |     1 ||     3
 Stab: Sleeping          |    15 |     3 ||    18
       Distracted        |     1 |       ||     1
Armor: Skin              |     2 |     2 ||     4
Dodge: Dodged            |    35 |    40 ||    75
Block: Other             |     3 |    14 ||    17
